 Dungeon Crawl Stone Soup version 0.30-a0-634-g8abc85282e (webtiles) character file.

Game seed: 13425785617390052529

82 Vylera the Chopper (level 4, -6/33 HPs)
             Began as a Demonspawn Gladiator on Jan 15, 2023.
             Was a Priest of Jiyva.
             Mangled by Menkaure (16 damage)
             ... on level 4 of the Dungeon.
             The game lasted 00:03:58 (1776 turns).

Vylera the Chopper (Demonspawn Gladiator)           Turns: 1776, Time: 00:03:59

Health: -6/33      AC:  6    Str: 17    XL:     4   Next: 21%
Magic:  1/4        EV: 12    Int:  9    God:    Jiyva [***...]
Gold:   70         SH:  0    Dex: 14    Spells: 3/3 levels left

rFire   + + +      SeeInvis +    a - +0 war axe
rCold   . . .      Faith    .    (no shield)
rNeg    . . .      Spirit   .    b - +0 leather armour
rPois   .          Reflect  .    i - +1 hat
rElec   .          Harm     .    j - +0 cloak
rCorr   +          Rampage  .    (no gloves)
Will    .....                    (no boots)
Stlth   +                        (no amulet)
HPRegen 1.37/turn                g - ring of see invisible
MPRegen 0.44/turn                (no ring)

@: brilliant, calling ooze, flying, hasted, very quick
A: sharp scales 1, demonic touch 1, fire resistance 3, eyeballs 1
a: Renounce Religion, Oozemancy


You were on level 4 of the Dungeon.
You worshipped Jiyva.
Jiyva was most pleased with you.
You visited 1 branch of the dungeon, and saw 4 of its levels.

You collected 70 gold pieces.

Inventory:

Hand Weapons
 a - a +0 war axe (weapon)
Missiles
 d - 4 throwing nets (quivered)
 e - a javelin
Armour
 b - a +0 leather armour (worn)
 c - a +0 helmet
 i - a +1 hat (worn)
 j - a +0 cloak (worn)
Jewellery
 g - a ring of see invisible (left hand)
Scrolls
 h - a scroll of enchant armour
 l - a scroll of identify
Potions
 f - a potion of brilliance


   Skills:
 - Level 2.0 Fighting
 * Level 4.6 Axes
 - Level 1.7 Throwing
 - Level 2.6 Dodging


You had 3 spell levels left.
You didn't know any spells.
Your spell library contained the following spells:

 Spells                   Type           Power      Damage    Failure   Level
 Call Canine Familiar     Summ           0%         N/A       83%         3
 Portal Projectile        Hex/Tloc       0%         N/A       83%         3
 Leda's Liquefaction      Hex/Erth       0%         N/A       99%         4


Dungeon Overview and Level Annotations

Branches:
Dungeon (4/15)
 Temple: D:4-7

Altars:
Jiyva

Annotations:
D:4 Menkaure


Innate Abilities, Weirdness & Mutations

You are partially covered in razor-sharp scales. (AC +1, Slay +1)
Your touch may inflict minor irresistible damage on your foes.
Your flesh is almost immune to the effects of heat. (rF+++)
Your body has grown eyes which may confuse attackers. (Acc +3)


Message History

Magic quickly surges around you.
It was a scroll of vulnerability.
There is a stone staircase leading up here.
You hear a distant slurping noise.
There is a stone staircase leading up here.
You feel your willpower return.
You hear the slow hiss of a very distant avalanche of sand.
You now have 70 gold pieces (gained 7).
Menkaure and a goblin come into view.
Menkaure shouts!
Menkaure calls on the powers of darkness!
Your body is wracked with pain!
Menkaure misses you.
You completely miss Menkaure. Menkaure completely misses you.
You hit Menkaure.
Menkaure is moderately damaged.
The goblin shouts!
Menkaure calls on the powers of darkness!
Your body is wracked with pain!
The goblin convulses!
You hit Menkaure.
Menkaure is moderately damaged.
Menkaure hits you!
* * * LOW HITPOINT WARNING * * *
It was a potion of brilliance.
You feel clever all of a sudden.
It was a potion of flight.
You feel very buoyant.
You fly up into the air.
Menkaure grins.
Menkaure gestures wildly while chanting.
Menkaure seems to speed up.
Activating: Oozemancy (16% risk of failure)
Press: ? - help, Dir - look around, f - activate Slime begins to ooze from the nearby walls!
The walls burn Menkaure!
Menkaure completely misses you.
The wall burns the goblin!
You kill the goblin!
It was a potion of haste.
You feel yourself speed up.
The walls burn Menkaure!
Menkaure hits you but does no damage.
The walls burn Menkaure!
Menkaure hits you!
You die...

#.....#########.#
.. .....### ##.#
..# #...######..#
...##
#..........##
.....
##...########
...... ##..###
......# ##..##
.......##..##
#..M@...#
###....## #...##
##).. .....
#...... #.......
......##.


You could see Menkaure (fast).

Vanquished Creatures
  An adder (D:3)
  2 worms (D:2)
  2 orcs (D:3)
  An endoplasm (D:1)
  3 giant cockroaches
  7 goblins
  5 hobgoblins
  6 jackals
  8 kobolds
  6 quokkas
  6 ball pythons
  5 bats
  2 frilled lizards
  7 rats
61 creatures vanquished.

Vanquished Creatures (others)
  2 endoplasms
  3 plants (D:1)
5 creatures vanquished.

Grand Total: 66 creatures vanquished

Notes
Turn   | Place    | Note
-------+----------+-------------------------------------------
     0 | D:1      | Vylera the Demonspawn Gladiator began the quest for the
                  | Orb.
     0 | D:1      | Reached XP level 1. HP: 16/16 MP: 1/1
    46 | D:1      | Reached skill level 3 in Axes
    66 | D:1      | Gained mutation: Your touch may inflict minor irresistible
                  | damage on your foes. [demonic ancestry]
    66 | D:1      | Reached XP level 2. HP: 17/22 MP: 2/2
   430 | D:1      | Found a faded altar of an unknown god.
   433 | D:1      | Prayed at the altar of an unknown god.
   433 | D:1      | Became a worshipper of Jiyva Jagedgha the Shapeless
   433 | D:1      | Reached * piety under Jiyva
   721 | D:2      | Gained mutation: You are partially covered in razor-sharp
                  | scales. (AC +1, Slay +1) [demonic ancestry]
   721 | D:2      | Reached XP level 3. HP: 27/27 MP: 3/3
   788 | D:2      | Reached skill level 4 in Axes
   865 | D:2      | Reached ** piety under Jiyva
  1250 | D:3      | Reached *** piety under Jiyva
  1371 | D:3      | Gained mutation: Your flesh is heat resistant. (rF+)
                  | [Jiyva's grace]
  1371 | D:3      | Gained mutation: Your flesh is very heat resistant. (rF++)
                  | [Jiyva's grace]
  1371 | D:3      | Gained mutation: Your flesh is almost immune to the effects
                  | of heat. (rF+++) [Jiyva's grace]
  1371 | D:3      | Gained mutation: Your body has grown eyes which may confuse
                  | attackers. (Acc +3) [Jiyva's grace]
  1391 | D:3      | Reached XP level 4. HP: 33/33 MP: 4/4
  1763 | D:4      | Noticed Menkaure
  1776 | D:4      | Mangled by Menkaure

Illustrated notes

Levels and vault maps discovered:
D:1:      amcnicky_arrival_underground_garden, layout_rooms,
          hellmonk_ecumenical_altar_inner_sanctum, serial_bayou_lake_a
D:2:      layout_rooms
D:3:      layout_loops_ring
D:4:      layout_layer_cave, temple_green, nicolae_ossuary_entry_ruins,
          uniq_pikel, uniq_menkaure

Skill      XL: |  1  2  3 |
---------------+----------+-----
Axes           | 3 4 |  4.6
Fighting       | |  2.0
Throwing       | |  1.7
Dodging        | |  2.6

Action                   |  1- 3 |  4- 6 || total
-------------------------+-------+-------++-------
Melee: War axe           |   127 |     9 ||   136
       Touch             |    14 |     1 ||    15
Invok: Oozemancy         |       |     1 ||     1
  Use: Scroll            |       |     4 ||     4
       Potion            |       |     3 ||     3
Armor: Leather armour    |    54 |     2 ||    56
Dodge: Dodged            |    99 |     6 ||   105

Table legend: (Time is in decaauts)
 A = Elapsed time spent in this place.
 B = Non-inter-level travel time spent in this place.
 C = Inter-level travel time spent in this place.
 D = Time resting spent in this place.
 E = Time spent auto-exploring this place.
 F = Levels seen in this place.
 G = Mean time per level.
                   A        B        C        D        E       F      G
               +--------+--------+--------+--------+--------+-----+--------+
         Total |   1838 |   1792 |     46 |      0 |   1394 |   4 |  459.5 |
       Dungeon |   1838 |   1792 |     46 |      0 |   1394 |   4 |  459.5 |
               +--------+--------+--------+--------+--------+-----+--------+

Top non-repeatable levels by time:
     D:1: 734 daAuts
     D:3: 598 daAuts
     D:2: 433 daAuts
     D:4: 72 daAuts
